 Dungeon Crawl Stone Soup version 0.31-a0-229-g1fc7ce93e2 (webtiles) character file.

Game seed: 15963344956104739186

44 qw the Shooter (level 3, 0/29 HPs)
             Began as a Minotaur Hexslinger on July 6, 2023.
             Succumbed to Sigmund's poison
             ... on level 2 of the Dungeon.
             The game lasted 00:00:20 (773 turns).

qw the Shooter (Minotaur Hexslinger)                 Turns: 773, Time: 00:00:21

Health: 0/29       AC:  2    Str: 12    XL:     3   Next: 39%
Magic:  3/3        EV: 12    Int: 10    God:
Gold:   77         SH:  0    Dex: 14    Spells: 3/4 levels left

rFire   . . .        Y - +0 shortbow
rCold   . . .        (shield currently unavailable)
rNeg    . . .        c - +0 robe
rPois   .            (helmet restricted)
rElec   .            (no cloak)
rCorr   .            (no gloves)
SInv    .            (no boots)
Will    .....        (no amulet)
Stlth   +            (no ring)
HPRegen 0.24/turn    (no ring)
MPRegen 0.08/turn

%: no passive effects
@: lethally poisoned (0 -> -9)
A: horns 2, retaliatory headbutt
a: no special abilities


You were on level 2 of the Dungeon.
You visited 1 branch of the dungeon, and saw 2 of its levels.

You collected 77 gold pieces.


Innate Abilities, Weirdness & Mutations

You have a pair of horns on your head.
You reflexively headbutt those who attack you in melee.


   Skills:
 - Level 2.0 Fighting
 + Level 4.0 Ranged Weapons
 - Level 2.1 Dodging
 - Level 1.0 Spellcasting
 - Level 2.0 Hexes


You had 3 spell levels left.
You knew the following spells:

 Your Spells              Type           Power      Damage    Failure   Level
a - Slow                  Hex            16%        N/A       16%         1

Your spell library contained the following spells:

 Spells                   Type           Power      Damage    Failure   Level
 Inner Flame              Hex/Fire       2%         N/A       56%         3
 Portal Projectile        Hex/Tloc       4%         N/A       56%         3
 Cause Fear               Hex            2%         N/A       83%         4

Inventory:

Hand Weapons
 Y - a +0 shortbow (weapon)
Armour
 a - a +0 leather armour
 c - a +0 robe (worn)
Scrolls
 b - a scroll of teleportation {unknown}
 d - a scroll of vulnerability {unknown}

Dungeon Overview and Level Annotations

Branches:
Dungeon (2/15)

Altars:

Annotations:
D:2 Sigmund


Message History

You see here an adder corpse.
d - a scroll labelled LUIBRAREFU
Enter note: An endoplasm comes into view.
Enter note: You shoot an arrow.
The arrow barely misses the endoplasm.
You shoot an arrow. The arrow hits the endoplasm.
The endoplasm is moderately wounded.
You shoot an arrow. The arrow hits the endoplasm.
You kill the endoplasm!
Your Ranged Weapons skill increases to level 4!
Sigmund the Dreaded comes into view.
He is wielding a +5 scythe of venom.
Enter note: You shoot an arrow.
The arrow hits Sigmund.
Sigmund shouts!
Sigmund is lightly wounded.
You shoot an arrow. The arrow hits Sigmund.
Sigmund is moderately wounded.
Sigmund points at you and mumbles some strange words.
You resist with significant effort.
You shoot an arrow. The arrow closely misses Sigmund.
Sigmund hits you from afar with a +5 scythe of venom!
You are lethally poisoned!
You shoot an arrow. The arrow hits Sigmund.
Sigmund is moderately wounded.
You feel very sick.
Enter note:
771 ||| UPGRADING to +0 leather armour.
You stop removing your armour.
You feel very sick. Sigmund casts a spell at you. The magic dart hits you.
772 ||| UPGRADING to +0 leather armour.
You stop removing your armour.
You feel very sick. Sigmund casts a spell at you.
You resist with significant effort.
773 ||| UPGRADING to +0 leather armour.
You stop removing your armour.
You die...

#.###.#
#........###.#
#.....#
#.#.......##.#
#####.#
#...%........#
#.########.......####
#.##............##
#.##.######....##
#.##.#........##
#.##.#.#####..#
#....@........#
#.##.#.#####..#
#.##.#@# #..#
#.##.#.# ... #.##....
#.####.# #.. .. ###
##


You could see Sigmund.

Vanquished Creatures
  An adder (D:2)
  A dart slug (D:2)
  3 orcs (D:2)
  A ball python (D:1)
  4 endoplasms
  A giant cockroach (D:1)
  4 goblins (D:1)
  A hobgoblin (D:1)
  A kobold (D:1)
  A quokka (D:1)
  3 bats
  A frilled lizard (D:1)
  6 rats
28 creatures vanquished.

Notes
Turn   | Place    | Note
-------+----------+-------------------------------------------
     0 | D:1      | qw the Minotaur Hexslinger began the quest for the Orb.
     0 | D:1      | Reached XP level 1. HP: 16/16 MP: 1/1
     0 | D:1      | 0 ||| qw: Version: 0.3-a-46-gb1f654a
     0 | D:1      | 0 ||| qw: Game counter: 1395
     0 | D:1      | 0 ||| qw: Melee chars always use a shield: true
     0 | D:1      | 0 ||| qw: God list: Okawaru
     0 | D:1      | 0 ||| qw: Allow faded altars: false
     0 | D:1      | 0 ||| qw: Do Orc after clearing Dungeon:15 true
     0 | D:1      | 0 ||| qw: Do second Lair branch before Depths: true
     0 | D:1      | 0 ||| qw: Lair rune preference: random
     0 | D:1      | 0 ||| qw: Goals: Normal
     0 | D:1      | 0 ||| PLANNING D:1-11
    81 | D:1      | 81 ||| SWAPPING to +0 shortbow.
    82 | D:1      | 82 ||| DROPPING +1 sling.
   128 | D:1      | Reached skill level 3 in Ranged Weapons
   130 | D:1      | 130 ||| READING scroll labelled KEAMORYWAP.
   131 | D:1      | 131 ||| DROPPING scroll of poison.
   134 | D:1      | Reached XP level 2. HP: 23/23 MP: 2/2
   609 | D:2      | Reached XP level 3. HP: 29/29 MP: 3/3
   762 | D:2      | Reached skill level 4 in Ranged Weapons
   766 | D:2      | Noticed Sigmund
   771 | D:2      | 771 ||| UPGRADING to +0 leather armour.
   771 | D:2      | HP: 4/29 [Sigmund/magic dart (4)]
   772 | D:2      | 772 ||| UPGRADING to +0 leather armour.
   772 | D:2      | HP: 1/29 [poisoned by Sigmund]
   773 | D:2      | 773 ||| UPGRADING to +0 leather armour.
   773 | D:2      | Succumbed to Sigmund's poison

Levels and vault maps discovered:
D:1:      minmay_arrival_glassed_features, layout_loops_cross,
          amcnicky_mini_pool_small, minmay_tromino_v4_b
D:2:      layout_loops_ring, uniq_sigmund

Skill      XL: |  1  2  3 |
---------------+----------+-----
Ranged Weapons | 3 4 |  4.0
Fighting       | 2 |  2.0
Dodging        | |  2.1
Spellcasting   | |  1.0
Hexes          | |  2.0

Action                     || total
---------------------------++-------
   Fire: Shortbow          ||    76
         Sling             ||     8
    Use: Scroll            ||     1
 Armour: Robe              ||     6
  Dodge: Dodged            ||    16

Table legend:
 A = Non-vault XP
 B = Vault XP
 C = Vault XP percentage of total XP
 D = Non-vault monster count
 E = Vault monster count
 F = Vault count percentage of total count
                 A         B        C        D         E       F
            +---------+---------+-------+---------+---------+-------
      Total |      60 |       3 |   4.8 |      26 |       2 |   7.1
            +---------+---------+-------+---------+---------+-------
        D:1 |      25 |       3 |  10.7 |      16 |       2 |  11.1
        D:2 |      35 |       0 |   0.0 |      10 |       0 |   0.0
            +---------+---------+-------+---------+---------+-------
